 Dungeon Crawl Stone Soup version 0.24-a0-375-g4de66ed42b (webtiles) character file.

Game seed: 7405541220252286924

39 tsouns the Grave Robber (level 3, -1/42 HPs)
             Began as a Hill Orc Necromancer on May 31, 2019.
             Slain by an adder (2 damage)
             ... on level 2 of the Dungeon.
             The game lasted 00:03:30 (1392 turns).

tsouns the Grave Robber (Hill Orc Necromancer)      Turns: 1392, Time: 00:03:30

Health: -1/42      AC: 21    Str: 16    XL:     3   Next: 47%
Magic:  1/6        EV:  2    Int: 15    God:
Gold:   22         SH:  0    Dex: 11    Spells: 1/6 levels left

rFire    . . .     SeeInvis .   e - +0 whip
rCold    . . .     Gourm    .   (no shield)
rNeg     + + +     Faith    .   (armour currently unavailable)
rPois    +         Spirit   .   (helmet currently unavailable)
rElec    .         Reflect  .   (cloak currently unavailable)
rCorr    .         Harm     .   (gloves currently unavailable)
MR       .....     NoTele   +   (boots currently unavailable)
Stlth    ++........             (no amulet)
HPRegen  0.14/turn              (no ring)
MPRegen  0.10/turn              (no ring)

@: mighty, lethally poisoned (-1 -> -2), tree-form
A: no striking features
a: no special abilities


You were on level 2 of the Dungeon.
You were not hungry.
You were a tree.
You visited 1 branch of the dungeon, and saw 2 of its levels.

You collected 22 gold pieces.

Inventory:

Hand Weapons
 e - a +0 whip (weapon)
 o - a cursed -3 hunting sling
Missiles
 j - 8 boomerangs (quivered)
Armour
 a - a +0 robe (melded)
 h - a +0 scale mail
Scrolls
 b - a scroll of blinking {unknown}
 f - a scroll of immolation {unknown}
 g - 2 scrolls of magic mapping {unknown}
 i - a scroll of fear {unknown}
 k - a scroll of fog {unknown}
 p - a scroll of identify {unknown}
Potions
 n - a potion of flight {unknown}
Comestibles
 c - 5 rations
 m - 3 chunks of flesh


   Skills:
 + Level 1.3 Fighting
 - Level 1.5 Dodging
 - Level 1.5 Stealth
 + Level 2.2 Spellcasting
 + Level 4.5 Necromancy


You had one spell level left.
You knew the following spells:

 Your Spells              Type           Power        Failure   Level  Hunger
a - Pain                  Necr           ###.         3%          1    #......
b - Animate Skeleton      Necr           N/A          3%          1    #......
c - Vampiric Draining     Necr           ###.......   11%         3    ###....

Your spell library contained the following spells:

 Spells                   Type           Power        Failure   Level  Hunger
 Regeneration             Chrm/Necr      #.........   26%         3    ###....
 Animate Dead             Necr           N/A          34%         4    #####..


Dungeon Overview and Level Annotations

Branches:
Dungeon (2/15)

Altars:
Hepliaklqana


Message History

* * * LOW HITPOINT WARNING * * *
You miss the adder.
The adder is moderately wounded.
The adder bites you.
* * * LOW HITPOINT WARNING * * *
You are lethally poisoned!
The adder poisons you!
You hit the adder.
The adder is heavily wounded.
* * * LOW HITPOINT WARNING * * *
You feel sick. The adder barely misses you.
You closely miss the adder.
The adder is heavily wounded.
The adder closely misses you. The adder misses you.
Unknown command.
It was a potion of lignification.
You turn into a tree.
Your +0 robe melds into your body.
Your roots penetrate the ground.
* * * LOW HITPOINT WARNING * * *
You feel sick. The adder bites you.
You die...

### #.. # #### #.# .. <(.#
#.# .. ##.# ##### #.# ..
#(# ##...######.# .#
#.#######.....#.Sbb.#..#...
#)##..........#♣###.b...._.
#)##.####.......# ##.###?..
#.##Z# #....#### .#
#.Z#.####.#.## .#
#............. .#
......####.####. .. ##..###
#.# # .. #..# #.# .. ...#
#.#


You could see an adder and 2 bats.

Vanquished Creatures
  An adder (D:2)
  An ooze (D:2)
  A leopard gecko (D:1)
  A giant cockroach (D:1)
  A goblin (D:2)
  3 hobgoblins (D:1)
  6 jackals (D:1)
  2 quokkas (D:2)
  A bat (D:1)
  A frilled lizard (D:1)
  4 kobolds
  2 rats
24 creatures vanquished.

Notes
Turn   | Place    | Note
-------+----------+-------------------------------------------
     0 | D:1      | tsouns the Hill Orc Necromancer began the quest for the
                  | Orb.
     0 | D:1      | Reached XP level 1. HP: 14/14 MP: 3/3
   428 | D:1      | Learned a level 1 spell: Animate Skeleton
   446 | D:1      | Reached XP level 2. HP: 16/20 MP: 0/4
  1214 | D:2      | Reached XP level 3. HP: 20/27 MP: 0/6
  1305 | D:2      | Reached skill level 1 in Fighting
  1321 | D:2      | Learned a level 3 spell: Vampiric Draining
  1375 | D:2      | Found a hazy altar of Hepliaklqana.
  1390 | D:2      | HP: 1/28 [poisoned by an adder]
  1392 | D:2      | Slain by an adder

Levels and vault maps discovered:
D:1:      dpeg_arrival_rooms_a, layout_basic
D:2:      layout_loops_ring, nicolae_overflow_crystal_walls

Skill      XL: |  1  2  3 |
---------------+----------+-----
Spellcasting   | 2 |  2.2
Fighting       | 1 |  1.3
Dodging        | |  1.5
Stealth        | |  1.5
Necromancy     | |  4.5

Action                   || total
-------------------------++-------
Melee: Whip              ||    26
       Unarmed           ||     3
 Cast: Pain              ||    40
       Animate Skeleton  ||    12
  Use: Potion            ||     2
 Stab: Sleeping          ||     1
  Eat: Chunk             ||     2
Armor: Robe              ||     4
Dodge: Dodged            ||    34

Table legend:
 A = Non-vault XP
 B = Vault XP
 C = Vault XP percentage of total XP
 D = Non-vault monster count
 E = Vault monster count
 F = Vault count percentage of total count
                 A         B        C        D         E       F
            +---------+---------+-------+---------+---------+-------
      Total |      57 |       0 |   0.0 |      24 |       0 |   0.0
            +---------+---------+-------+---------+---------+-------
        D:1 |      29 |       0 |   0.0 |      17 |       0 |   0.0
        D:2 |      28 |       0 |   0.0 |       7 |       0 |   0.0
            +---------+---------+-------+---------+---------+-------
